 Dungeon Crawl Stone Soup version 0.30-a0-883-g5ad918d77d (webtiles) character file.

Game seed: 2393906522098860648

217 pokedragonboy the Grasshopper (level 5, 0/49 HPs)
             Began as a Naga Warper on Mar 16, 2023.
             Slain by Natasha (2 damage)
             ... on level 2 of the Dungeon.
             The game lasted 00:06:00 (2386 turns).

pokedragonboy the Grasshopper (Naga Warper)         Turns: 2386, Time: 00:06:02

Health: 0/49       AC:  5    Str: 15    XL:     5   Next: 94%
Magic:  15/17      EV:  7    Int: 14    God:
Gold:   148        SH:  0    Dex: 10    Spells: 1/8 levels left

rFire   . . .      SeeInvis +    a - +0 spear
rCold   . . .      Faith    .    (no shield)
rNeg    . . .      Spirit   .    e - +0 scale mail
rPois   +          Reflect  .    (no helmet)
rElec   .          Rampage  .    (no cloak)
rCorr   .                        n - +0 pair of gloves
Will    .....                    (no barding) Stlth
                                 (no amulet)
HPRegen 0.28/turn                i - ring of wizardry
MPRegen 0.15/turn                m - ring of magical power

@: short of breath, on blink cooldown, very slow
A: AC +1, large, see invisible, deformed body, poison resistance, slowness 2,
spit poison 1, naga tail 1
a: Spit Poison


You were on level 2 of the Dungeon.
You visited 1 branch of the dungeon, and saw 2 of its levels.

You collected 148 gold pieces.

Inventory:

Hand Weapons
 a - a +0 spear (weapon)
 b - a +2 hand axe of electrocution
 j - a +4 short sword
Missiles
 d - 6 boomerangs of dispersal
Armour
 e - a +0 scale mail (worn)
 n - a +0 pair of gloves (worn)
Jewellery
 i - a ring of wizardry (left hand)
 m - a ring of magical power (right hand)
 q - a ring of positive energy
Scrolls
 c - 2 scrolls of blinking
 f - 2 scrolls of identify
 h - a scroll of fog {unknown}
 k - a scroll of fear {unknown}
 o - a scroll of magic mapping {unknown}
Potions
 p - a potion of might


   Skills:
 + Level 3.1 Fighting
 * Level 3.9 Polearms
 - Level 0.8 Throwing
 - Level 1.0 Armour
 + Level 2.5 Dodging
 - Level 2.0 Spellcasting
 + Level 3.9 Translocations


You had one spell level left.
You knew the following spells:

 Your Spells              Type           Power      Damage    Failure   Level
a - Lesser Beckoning      Tloc           24%        N/A       12%         2
b - Teleport Other        Tloc           12%        N/A       22%         3
m - Blink                 Tloc           24%        N/A       12%         2

Your spell library contained the following spells:

 Spells                   Type           Power      Damage    Failure   Level
 Vhi's Electric Charge    Tloc/Air       12%        N/A       45%         3
 Manifold Assault         Tloc           12%        N/A       56%         4
 Passage of Golubria      Tloc           12%        N/A       56%         4
 Silence                  Hex/Air        0%         N/A       100%        5
 Lehudib's Crystal Spear  Conj/Erth      0%         10d2      100%        8


Dungeon Overview and Level Annotations

Branches:
Dungeon (2/15)

Altars:

Annotations:
D:2 Natasha


Innate Abilities, Weirdness & Mutations

Your serpentine skin is tough. (AC +1)
You have supernaturally acute eyesight. (SInv)
Armour fits poorly on your strangely shaped body.
Your system is resistant to poisons. (rPois)
You cover ground very slowly.
You can spit poison.
You have a snake-like lower body.


Message History

The shadow imp hits you but does no damage.
Natasha barely misses you.
Okay, then.
Casting: Teleport Other (dangerous; 22% risk of failure)
Confirm with . or Enter, or press ? or * to list all spells.
You blink.
The shadow imp gestures at you.
You struggle to resist.
You can't do that yet.
Reach: a) +0 spear
Press: ? - help, Dir - move target, f/p - Natasha
Aim: Natasha (translocational energy, severely wounded, about 47% to evade your +0 spear)
You reach to attack!
You barely miss Natasha.
Natasha is severely wounded.
Unknown command.
Reach: a) +0 spear
Press: ? - help, Dir - move target, f/p - Natasha
Aim: Natasha (severely wounded, about 47% to evade your +0 spear)
You closely miss Natasha.
Natasha is severely wounded.
You have got your breath back.
Natasha claws you.
* * * LOW HITPOINT WARNING * * *
Aiming: Spit Poison (1% risk of failure)
Press: ? - help, Q - select action, (/) - cycle Shift-Dir - straight line, f/p - Natasha
Aim: Natasha (severely wounded, 50% to hit)
The splash of poison misses Natasha.
Natasha stares at you and mumbles some strange words.
The magic dart hits you.
* * * LOW HITPOINT WARNING * * *
It was a potion of cancellation.
You feel magically purged. Natasha claws you but does no damage.
You can't do that yet.
Reach: a) +0 spear
Press: ? - help, Dir - move target, f/p - Natasha
Aim: Natasha (severely wounded, about 47% to evade your +0 spear)
You miss Natasha.
Natasha is severely wounded.
The shadow imp barely misses you. Natasha claws you.
You die...

###########.# #.....#### #.####
........... # #........# #.....
..######### #...)....# ######
..........# #........#
..#######.#######........# ..####
#..#...##..###...# ####
##...#####.#...##..# #...# #...
.#[........#...##h.###...#####.##
.'..............@5...........#.#
.#.........#.....##.##...###.#.#
...........#...#.........# #.#.#
...##†.....########.##..## #.#.#
...##......# #..##.# #.#.#
...##......# ##..#.## #.#.##
#####......# ##....# #.#...
#.........# ###..# #.####
#.........# #..# #.#


You could see Natasha and a shadow imp (summoned).

Vanquished Creatures
  A hound (D:2)
  2 orc priests (D:2)
  Natasha (twice) (D:2)
  An adder (D:2)
  2 dart slugs
  4 orcs (D:2)
  10 ball pythons
  3 bats
  6 endoplasms
  2 giant cockroaches
  A goblin (D:1)
  8 hobgoblins
  4 quokkas (D:1)
  2 frilled lizards (D:1)
  6 kobolds
  4 rats
58 creatures vanquished.

Notes
Turn   | Place    | Note
-------+----------+-------------------------------------------
     0 | D:1      | pokedragonboy the Naga Warper began the quest for the Orb.
     0 | D:1      | Reached XP level 1. HP: 19/19 MP: 3/3
   108 | D:1      | Reached XP level 2. HP: 15/26 MP: 5/5
   109 | D:1      | Reached skill level 1 in Armour
   537 | D:1      | Reached XP level 3. HP: 11/32 MP: 6/6
   908 | D:1      | Learned a level 2 spell: Lesser Beckoning
   911 | D:1      | Learned a level 2 spell: Blink
   941 | D:2      | Reached XP level 4. HP: 22/40 MP: 7/7
  1148 | D:2      | Learned a level 3 spell: Teleport Other
  1492 | D:2      | Noticed Natasha
  1502 | D:2      | Killed Natasha
  1503 | D:2      | Reached XP level 5. HP: 31/46 MP: 8/8
  2168 | D:2      | Noticed Natasha
  2173 | D:2      | Killed Natasha
  2358 | D:2      | Noticed Natasha
  2384 | D:2      | HP: 1/49 [Natasha/magic dart (3)]
  2386 | D:2      | Slain by Natasha

Illustrated notes

Levels and vault maps discovered:
D:1:      dpeg_arrival_solitude, layout_loops_ring, minmay_quantized
D:2:      cheibrodos_pilgrimage, layout_basic, uniq_natasha

Skill      XL: |  1  2  3  4  5 |
---------------+----------------+-----
Armour         | 1 |  1.0
Polearms       | 3 |  3.9
Dodging        | 2 |  2.5
Fighting       | 3 |  3.1
Throwing       | |  0.8
Spellcasting   | |  2.0
Translocations | |  3.9

Action                     |  1- 3 |  4- 6 || total
---------------------------+-------+-------++-------
  Melee: Spear             |   101 |   133 ||   234
  Throw: Boomerang         |     1 |       ||     1
   Cast: Teleport Other    |       |     3 ||     3
         Blink             |       |     1 ||     1
Ability: Spit Poison       |     6 |    14 ||    20
    Use: Scroll            |     1 |       ||     1
         Potion            |       |     3 ||     3
 Armour: Leather armour    |    20 |    21 ||    41
         Scale mail        |       |    16 ||    16
  Dodge: Dodged            |    43 |    53 ||    96

Table legend: (Time is in decaauts)
 A = Elapsed time spent in this place.
 B = Non-inter-level travel time spent in this place.
 C = Inter-level travel time spent in this place.
 D = Time resting spent in this place.
 E = Time spent auto-exploring this place.
 F = Levels seen in this place.
 G = Mean time per level.
                   A        B        C        D        E       F      G
               +--------+--------+--------+--------+--------+-----+--------+
         Total |   2851 |   2829 |     22 |    630 |   1704 |   2 | 1425.5 |
       Dungeon |   2851 |   2829 |     22 |    630 |   1704 |   2 | 1425.5 |
               +--------+--------+--------+--------+--------+-----+--------+

Top non-repeatable levels by time:
     D:2: 1708 daAuts
     D:1: 1143 daAuts
